 Dungeon Crawl Stone Soup version 0.30.1-3-gfc49f6343a (webtiles) character file.

Game seed: 14755216640375367942

13 leafyfresh the Sneak (level 2, 0/21 HPs)
             Began as an Octopode Delver on Aug 4, 2023.
             Was an Initiate of Ashenzari.
             Slain by a gnoll
             ... wielding a +0 club
             ... led by a gnoll bouda
              (6 damage)
             ... on level 5 of the Dungeon.
             The game lasted 00:00:53 (1515 turns).

leafyfresh the Sneak (Octopode Delver)              Turns: 1515, Time: 00:00:54

Health: 0/21       AC:  1    Str: 11    XL:     2   Next: 37%
Magic:  2/2        EV: 13    Int: 12    God:    Ashenzari [......]
Gold:   0          SH:  0    Dex: 13    Spells: 1/1 levels left

rFire   . . .        a - +0 short sword
rCold   . . .        (no shield)
rNeg    . . .        (helmet restricted)
rPois   .            (no amulet)
rElec   .            (no ring)
rCorr   .            (no ring)
SInv    .            (no ring)
Will    .....        (no ring)
Stlth   ++++         (no ring)
HPRegen 0.23/turn    (no ring)
MPRegen 0.08/turn    (no ring)
                     (no ring)

%: no passive effects
@: no status effects
A: almost no armour, amphibious, 8 rings, camouflage 1, gelatinous body 1,
(nimble swimmer 1), tentacles
a: Renounce Religion


You were on level 5 of the Dungeon.
You worshipped Ashenzari.
Ashenzari was noncommittal.
You visited 2 branches of the dungeon, and saw 2 of its levels.

Inventory:

Hand Weapons
 a - a +0 short sword (weapon)
Wands
 f - a wand of digging (3)
Scrolls
 b - a scroll of fog
 c - a scroll of magic mapping
 d - a scroll of fear
Potions
 e - a potion of haste


   Skills:
 - Level 3.0 Fighting
 - Level 2.1 Short Blades
 + Level 2.1 Dodging
 + Level 7.1 Stealth


You had one spell level left.
You didn't know any spells.
Your spell library was empty.

Dungeon Overview and Level Annotations

Branches:
Dungeon (5/15)             Temple (1/1) D:5

Altars:
Ashenzari
Elyvilon
Fedhas
Gozag
Hepliaklqana
Kikubaaqudgha
Nemelex Xobeh
Trog
Wu Jian
Zin


Innate Abilities, Weirdness & Mutations

You cannot wear most types of armour.
You are amphibious.
You can wear up to eight rings at the same time.
Your skin changes colour to match your surroundings (Stealth+).
Your rubbery body absorbs attacks. (AC +1, EV +1)
((You are camouflaged when in or above water. (Stealth+)))
You have tentacles for arms and can constrict up to eight enemies at once.


Message History

Found a scroll labelled ZULOFRYTOI.
The quokka bites you.
A gnoll comes into view. It is wielding a +0 halberd.
The gnoll throws a throwing net.
The throwing net closely misses you. The quokka bites you. x2
The quokka attacks as you move away! The quokka closely misses you.
Found a short sword.
The quokka misses you. The quokka attacks as you move away!
The quokka closely misses you. The quokka bites you.
The quokka attacks as you move away! The quokka misses you.
The quokka bites you. The quokka attacks as you move away!
The quokka closely misses you. The quokka attacks as you move away!
The quokka misses you.
You hit the quokka. Your grab misses the quokka.
The quokka is heavily wounded.
The quokka closely misses you.
You hit the quokka but do no damage. You grab the quokka.
You squeeze the quokka.
The quokka is severely wounded.
You constrict the quokka, but do no damage.
The quokka barely misses you.
You hit the quokka but do no damage.
The quokka is severely wounded.
You constrict the quokka. The quokka closely misses you.
You hit the quokka.
You kill the quokka!
The gnoll hits you with a +0 club.
* * * LOW HITPOINT WARNING * * *
You hit the gnoll but do no damage. Your grab misses the gnoll.
The gnoll closely misses you.
You closely miss the gnoll. You grab the gnoll.
You constrict the gnoll, but do no damage.
You hit the gnoll.
The gnoll is moderately wounded.
You constrict the gnoll, but do no damage.
The gnoll barely misses you.
You hit the gnoll but do no damage.
The gnoll is moderately wounded.
You constrict the gnoll. The gnoll hits you with a +0 club.
You die...

............#
.....##.....###### .....
##g........# ....#
##..#.#..... .... #...#.#
..J. .... #..#..?# $..
..o....###..# # ..###
##.##################### .
#######....g@................
........#######...####.......
#########.....##..# #....>..
##...8...##.####.......
#.........#............
#.⌠._._.⌠.##.###.......
#.........##.# #.......
##...8...##..# #.......
##.....##..## ########


You could see a gnoll.

Vanquished Creatures
  An adder (D:5)
  An orc (D:5)
  A quokka (D:5)
3 creatures vanquished.

Notes
Turn   | Place    | Note
-------+----------+-------------------------------------------
     0 | D:5      | leafyfresh the Octopode Delver began the quest for the Orb.
     0 | D:5      | Reached XP level 1. HP: 16/16 MP: 1/1
    33 | D:5      | Found an opulent altar of Gozag.
    34 | D:5      | Found a sparkling altar of Nemelex Xobeh.
    69 | D:5      | Noticed a jelly
    75 | D:5      | Reached skill level 7 in Stealth
    75 | D:5      | Reached XP level 2. HP: 16/21 MP: 2/2
    75 | D:5      | Found a staircase to the Ecumenical Temple.
    90 | Temple   | Entered the Ecumenical Temple
   322 | Temple   | Became a worshipper of Ashenzari the Shackled
  1515 | D:5      | Slain by a gnoll

Illustrated notes

Levels and vault maps discovered:
D:5:      minmay_opposing_rooms, layout_rooms, grunt_temple_overflow_opulence,
          minmay_temple_entry_junction, serial_shops, shop
Temple:   hellmonk_temple_micro_hex

Skill      XL: |  1 |
---------------+----+-----
Stealth        | 7 |  7.1
Fighting       | |  3.0
Short Blades   | |  2.1
Dodging        | |  2.1

Action                     || total
---------------------------++-------
  Melee: Short sword       ||    16
         Tentacles         ||     5
         Constrict         ||     4
         Punch             ||     1
 Armour: Skin              ||     1
  Dodge: Dodged            ||    17
